 Seeded DCSS version 0.31-a0-4-gefa6de2278 (webtiles) character file.

Game seed: 12810379604857694412 (custom seed)

7644 Pimp the Magician (level 10, -8/84 HPs)
             Began as a Purple Draconian Transmuter on May 3, 2023.
             Was a Follower of Sif Muna.
             Mangled by a sun demon (19 damage)
             ... summoned by a kobold demonologist
             ... on level 11 of the Dungeon on May 4, 2023.
             The game lasted 00:26:34 (10059 turns).

Pimp the Magician (Purple Draconian Transmuter)    Turns: 10059, Time: 00:26:35

Health: -8/84      AC: 11    Str:  8    XL:     10   Next: 99%
Magic:  2/6        EV: 15    Int: 17    God:    Sif Muna [*.....]
Gold:   1403       SH:  5    Dex: 19    Spells: 7/23 levels left

rFire   . . .        j - +11 sling of Hevvadghe {antimagic, Drain rN+++ Str-4 Dex+6}
rCold   . . .        (no shield)
rNeg    + + +        (body armour unavailable)
rPois   .            (helmet restricted)
rElec   .            b - +2 cloak
rCorr   .            (no gloves)
SInv    +            e - +0 pair of boots
Will    +....        h - amulet of reflection
Stlth   ++           (no ring)
HPRegen 0.34/turn    (no ring)
MPRegen 0.10/turn

%: reflection
@: studying Shields
A: breathe power, AC +7, unfitting armour, cold-blooded, see invisible, passive
freeze, subdued magic 1
a: Breathe Dispelling Energy, Renounce Religion, Channel Magic


You were on level 11 of the Dungeon.
You worshipped Sif Muna.
Sif Muna was aware of your devotion.
You visited 2 branches of the dungeon, and saw 12 of its levels.

You collected 1546 gold pieces.
You spent 143 gold pieces at shops.

Inventory:

Hand Weapons
 j - the +11 sling of Hevvadghe (weapon) {antimagic, Drain rN+++ Str-4 Dex+6}
   (You bought it in a shop on level 1 of the Dungeon)

   Str:       It affects your strength (-4).
   Dex:       It affects your dexterity (+6).
   rN:        It renders you almost immune to negative energy.
   Drain:     It drains your maximum health when unequipped.
Missiles
 c - 5 atropa-tipped darts
 g - 3 curare-tipped darts
Armour
 b - a +2 cloak (worn)
 e - a +0 pair of boots (worn)
Jewellery
 h - an amulet of reflection (around neck)
 m - an amulet of magic regeneration
 o - an amulet of the acrobat
 y - a +5 ring of evasion
Wands
 p - a wand of roots (13)
 r - a wand of polymorph (8)
 z - a wand of charming (4)
Scrolls
 f - a scroll of vulnerability {unknown}
 i - a scroll of brand weapon
 k - a scroll of magic mapping
 s - 2 scrolls of poison {unknown}
 t - a scroll of immolation {unknown}
 u - 6 scrolls of identify
 w - a scroll of torment {unknown}
 x - 2 scrolls of enchant armour
Potions
 a - 4 potions of lignification
 l - 3 potions of attraction
 n - 2 potions of might
 q - a potion of brilliance {unknown}
 v - 2 potions of mutation


   Skills:
 + Level 6.7 Fighting
 + Level 5.1 Ranged Weapons
 + Level 5.9 Dodging
 + Level 6.8 Shields
 + Level 6.8 Unarmed Combat
 + Level 7.0 Spellcasting
 + Level 3.0 Hexes
 + Level 6.4 Transmutations
 + Level 5.6 Ice Magic


You had 7 spell levels left.
You knew the following spells:

 Your Spells              Type           Power      Damage    Failure   Level
a - Beastly Appendage     Tmut           42%        N/A       1%          1
b - Ice Form              Ice/Tmut       20%        N/A       8%          4
c - Frozen Ramparts       Ice            38%        1d6       2%          3
d - Yara's Violent Unrav  Hex/Tmut       8%         3d5       38%         5
e - Inner Flame           Hex/Fire       8%         N/A       16%         3

Your spell library contained the following spells:

 Spells                   Type           Power      Damage    Failure   Level
 Freeze                   Ice            76%        1d8       1%          1
 Wereblood                Tmut           21%        N/A       1%          2
 Spider Form              Tmut/Pois      12%        N/A       8%          3
 Tukima's Dance           Hex            12%        N/A       8%          3
 Hailstorm                Conj/Ice       12%        3d5       9%          3
 Passage of Golubria      Tloc           4%         N/A       71%         4
 Enfeeble                 Hex            6%         N/A       100%        7
 Chain Lightning          Conj/Air       2%         3d2       100%        9
 Fire Storm               Conj/Fire      2%         8d1       100%        9
 Shatter                  Erth           2%         3d6*      100%        9


Dungeon Overview and Level Annotations

Branches:
Dungeon (11/15)            Temple (1/1) D:7             Orc (0/2) D:9
   Lair: D:8-11

Altars:
Ashenzari
Cheibriados
Dithmenos
Elyvilon
Fedhas
Gozag
Hepliaklqana
Kikubaaqudgha
Makhleb
Nemelex Xobeh
Okawaru
Ru
Sif Muna
Trog
Uskayaw
Vehumet
Wu Jian
Xom
Yredelemnul
Zin
The Shining One

Shops:
D:1 (


Innate Abilities, Weirdness & Mutations

You can breathe bolts of dispelling energy.
Your rich purple scales are hard. (AC +7)
You cannot fit into any form of body armour.
You are cold-blooded and may be slowed by cold attacks.
You have supernaturally acute eyesight. (SInv)
A frigid envelope surrounds you and freezes all who hurt you.
Your spells are a little easier to cast, but a little less powerful.


Message History

Okay, then.
You shoot a sling bullet.
The sling bullet hits the kobold demonologist.
The kobold demonologist's magic leaks into the air.
The kobold demonologist is heavily wounded.
You feel yourself speed up. The sun demon closely misses you.
The kobold demonologist mumbles some strange words.
The ice devil misses you. You block the sun demon's attack.
You shoot a sling bullet.
The sling bullet hits the kobold demonologist.
The kobold demonologist's magic leaks into the air.
The kobold demonologist is severely wounded.
The kobold demonologist falters for a moment.
The ice devil hits you!
* * * LOW HITPOINT WARNING * * *
The ice devil freezes you!
* * * LOW HITPOINT WARNING * * *
The ice devil completely resists.
The sun demon hits you but does no damage.
The ufetubus barely misses you.
The ufetubus hits you but does no damage.
The ufetubus resists.
The ufetubus is very cold.
The ufetubus is moderately wounded.
The kobold demonologist falters for a moment.
Okay, then.
You feel better.
The ice devil disappears in a puff of smoke!
The ufetubus hits you.
* * * LOW HITPOINT WARNING * * *
The ufetubus resists.
The ufetubus is very cold.
The ufetubus is heavily wounded.
The ufetubus hits you but does no damage.
You block the sun demon's attack. You block the ufetubus's attack.
The ufetubus completely misses you.
The kobold demonologist hits you but does no damage.
The kobold demonologist is very cold.
The kobold demonologist is severely wounded.
The sun demon hits you!!
You die...

#...)............
..#..<....[........
..########..>#####
#............#
#............#
#............#
#........#'###
#.....5.ยง#......#
#..!...@3#......+
.......K.#......#
.........###+##.#
.......... ..
........... #
...########. ... ..
.. ..


You could see a sun demon (summoned), a kobold demonologist (magic disrupted)
and an ufetubus (summoned).

Vanquished Creatures
  A two-headed ogre (D:7)
  A centaur warrior (D:10)
  A cyclops (D:9)
  An unseen horror (D:10)
  A hornet (D:8)
  A troll (D:10)
  Prince Ribbit (D:7)
  Sigmund (D:3)
  3 yaks (D:7)
  A steam dragon (D:8)
  5 acid dragons
  2 water moccasins (D:7)
  Duvessa (D:5)
  The ghost of thug444 the Cudgeller, an amateur OgGl (D:3)
  3 sky beasts
  2 orc warriors (D:9)
  3 ogres
  A black bear (D:5)
  5 centaurs
  3 phantoms
  2 kobold brigands
  4 scorpions
  2 bullfrogs
  Dowan (D:5)
  5 wights (D:9)
  A howler monkey (D:5)
  7 killer bees
  4 hounds
  7 orc priests
  Jessica (D:2)
  5 iguanas
  2 sleepcaps
  6 orc wizards
  A mummy (D:8)
  6 gnolls
  10 adders
  2 shadow imps (D:6)
  A white imp (D:5)
  2 ufetubi
  A worm (D:3)
  5 dart slugs
  29 orcs
  9 ball pythons
  9 bats
  7 endoplasms
  2 giant cockroaches
  10 goblins
  11 hobgoblins
  12 jackals
  8 quokkas
  4 frilled lizards
  20 kobolds
  3 rats
237 creatures vanquished.

Vanquished Creatures (others)
  A fungus (D:11)
  A plant (D:11)
2 creatures vanquished.

Grand Total: 239 creatures vanquished

Notes
Turn   | Place    | Note
-------+----------+-------------------------------------------
     0 | D:1      | Pimp the Draconian Transmuter began the quest for the Orb.
     0 | D:1      | Reached XP level 1. HP: 16/16 MP: 3/3
    59 | D:1      | Reached XP level 2. HP: 14/23 MP: 3/5
   494 | D:1      | Found Giulu Gajo's Antique Weapon Boutique.
   713 | D:1      | Reached XP level 3. HP: 19/29 MP: 4/6
   989 | D:2      | Noticed Jessica
   999 | D:2      | Killed Jessica
  1103 | D:2      | Reached XP level 4. HP: 35/36 MP: 5/7
  1134 | D:2      | Identified a scroll of acquirement
  1134 | D:2      | Acquired 996 gold pieces
  1222 | D:1      | Bought a polished sling for 143 gold pieces
  1222 | D:1      | Identified the +11 sling of Hevvadghe {antimagic, Drain
                  | rN+++ Str-4 Dex+6} (You bought it in a shop on level 1 of
                  | the Dungeon)
  1524 | D:2      | Learned a level 4 spell: Ice Form
  2202 | D:3      | Reached XP level 5. HP: 42/42 MP: 3/9
  2301 | D:3      | Noticed Sigmund
  2319 | D:3      | Killed Sigmund
  2320 | D:3      | Reached skill level 1 in Ranged Weapons
  2320 | D:3      | Reached skill level 3 in Spellcasting
  2320 | D:3      | Reached skill level 1 in Ice Magic
  2320 | D:3      | Reached XP level 6. HP: 50/51 MP: 3/10
  2663 | D:3      | Found a runed translucent gate.
  2664 | D:3      | Found a runed translucent gate.
  2664 | D:3      | Found a runed translucent gate.
  2665 | D:3      | Found an opulent altar of Gozag.
  2667 | D:3      | Noticed thug444's ghost (amateur OgGl)
  2682 | D:3      | Killed thug444's ghost
  2957 | D:4      | Found an iron altar of Okawaru.
  2959 | D:4      | Found a shadowy altar of Dithmenos.
  2986 | D:4      | Found an ornate altar of the Wu Jian Council.
  2998 | D:4      | Your scales start taking on a rich purple colour.
  2998 | D:4      | Reached XP level 7. HP: 57/57 MP: 4/12
  3321 | D:4      | Reached skill level 4 in Spellcasting
  3565 | D:5      | Entered Level 5 of the Dungeon
  3617 | D:4      | Gained mutation: Your large and strong wings let you fly.
                  | [potion of mutation]
  3617 | D:4      | Gained mutation: You are frail. (-10% HP) [potion of
                  | mutation]
  3617 | D:4      | Gained mutation: Your muscles are strong. (Str +4, Int/Dex
                  | -1) [potion of mutation]
  3949 | D:4      | Reached XP level 8. HP: 26/59 MP: 4/14
  4096 | D:5      | Learned a level 3 spell: Frozen Ramparts
  4220 | D:5      | Reached skill level 1 in Shields
  4277 | D:5      | Noticed Duvessa
  4280 | D:5      | Noticed Dowan
  4285 | D:5      | Killed Duvessa
  4286 | D:5      | Reached skill level 5 in Unarmed Combat
  4293 | D:5      | Killed Dowan
  4422 | D:5      | Reached skill level 5 in Spellcasting
  4741 | D:5      | Found an ancient bone altar of Kikubaaqudgha.
  4950 | D:6      | Reached XP level 9. HP: 65/65 MP: 5/16
  5359 | D:6      | Reached skill level 5 in Fighting
  5509 | D:6      | Found a white marble altar of Elyvilon.
  5651 | D:7      | Noticed a two-headed ogre
  5657 | D:7      | Killed a two-headed ogre
  5658 | D:7      | Reached skill level 5 in Transmutations
  5884 | D:7      | Found an opulent altar of Gozag.
  5935 | D:7      | Reached skill level 5 in Dodging
  5947 | D:7      | Lost mutation: You are frail. (-10% HP) [potion of
                  | mutation]
  5947 | D:7      | Lost mutation: Your large and strong wings let you fly.
                  | [potion of mutation]
  5947 | D:7      | Lost mutation: Your muscles are strong. (Str +4, Int/Dex
                  | -1) [potion of mutation]
  5947 | D:7      | Gained mutation: You have supernaturally acute eyesight.
                  | (SInv) [potion of mutation]
  5947 | D:7      | Gained mutation: Your spells are a little easier to cast,
                  | but a little less powerful. [potion of mutation]
  5947 | D:7      | Gained mutation: A frigid envelope surrounds you and
                  | freezes all who hurt you. [potion of mutation]
  6016 | D:7      | Reached skill level 6 in Spellcasting
  6183 | D:7      | Reached skill level 5 in Shields
  6358 | D:7      | Found a staircase to the Ecumenical Temple.
  6369 | Temple   | Entered the Ecumenical Temple
  6420 | Temple   | Became a worshipper of Sif Muna the Loreminder
  6527 | D:7      | Found a radiant altar of Vehumet.
  6633 | D:7      | Noticed Prince Ribbit
  6639 | D:7      | Killed Prince Ribbit
  6699 | D:7      | Learned a level 5 spell: Yara's Violent Unravelling
  6801 | D:8      | Reached XP level 10. HP: 77/83 MP: 6/19
  6905 | D:8      | Found a snail-covered altar of Cheibriados.
  7256 | D:8      | Reached skill level 1 in Hexes
  7654 | D:9      | Reached skill level 5 in Ice Magic
  7744 | D:9      | Reached * piety under Sif Muna
  8061 | D:9      | Found a staircase to the Orcish Mines.
  8062 | D:9      | Noticed a cyclops
  8067 | D:9      | Killed a cyclops
  9044 | D:10     | Entered Level 10 of the Dungeon
  9205 | D:10     | Reached skill level 5 in Ranged Weapons
  9261 | D:10     | Noticed a centaur warrior
  9266 | D:10     | Killed a centaur warrior
  9976 | D:11     | Reached skill level 7 in Spellcasting
 10040 | D:11     | Learned a level 3 spell: Inner Flame
 10051 | D:11     | Noticed a sun demon
 10058 | D:11     | HP: 2/84 [ice devil[a kobold demonologist] (9)]
 10059 | D:11     | Mangled by a sun demon

Illustrated notes

Levels and vault maps discovered:
D:1:      lightli_arrival_isolated_outpost, layout_basic, serial_shops,
          nicolae_shop_tiny_glass, minmay_pentomino_t4
D:2:      layout_basic, grunt_decor_resistance, minmay_pentomino_pile,
          uniq_jessica
D:3:      layout_loops_ring, ebering_ghost_gozag, uniq_sigmund
D:4:      layout_gridville, nzn_wu_jian_council_hall,
          chequers_temple_overflow_statue_of_worship, serial_rivers,
          chequers_serial_rivers_micro_a, chequers_serial_rivers_marsh,
          chequers_serial_rivers_large_a, chequers_serial_rivers_room_a,
          chequers_serial_rivers_large_b
D:5:      layout_cave_pools, marbit_many_paths, minmay_liquid_box,
          minmay_manual_mess, uniq_duvessa
D:6:      layout_loops_ring, mainiacjoe_overflow_alcove_1
D:7:      layout_basic, mainiacjoe_overflow_alcove_2,
          mainiacjoe_overflow_small_starburst,
          minmay_temple_entry_drinking_statues, uniq_prince_ribbit1
D:8:      layout_gridville, nicolae_overflow_hidden_temple, slow_altar_1
D:9:      layout_basic, minmay_orc_entry_temple_small, minivault_20
D:10:     layout_grid_maze
D:11:     layout_irregular_city, minmay_lair_entry_grove, serial_bayou,
          serial_bayou_pond_b, serial_bayou_shore_b, serial_bayou_lagoon_a,
          serial_bayou_shore_a, fedhas_altar_3, uniq_urug, uniq_snorg
Temple:   cyrus_circular_temple

Skill      XL: |  1  2  3  4  5  6  7  8  9 10 |
---------------+-------------------------------+-----
Dodging        | 2 3 4 5 |  5.9
Fighting       | 2 3 4 5 6 |  6.7
Ranged Weapons | 1 2 3 4 5 |  5.1
Unarmed Combat | 4 5 6 |  6.8
Spellcasting   | 3 4 5 6 7 |  7.0
Transmutations | 3 4 5 6 |  6.4
Ice Magic      | 1 2 3 4 5 |  5.6
Shields        | 3 5 6 |  6.8
Hexes          | 3 |  3.0

Action                     |  1- 3 |  4- 6 |  7- 9 | 10-12 || total
---------------------------+-------+-------+-------+-------++-------
  Melee: Unarmed           |    87 |       |       |    10 ||    97
         Tailslap          |    12 |       |       |       ||    12
         Kick              |     9 |       |       |       ||     9
         Headbutt          |     5 |       |       |       ||     5
         Punch             |     2 |       |       |       ||     2
   Fire: Sling             |       |   112 |   296 |   177 ||   585
   Cast: Beastly Appendage |    12 |       |     1 |       ||    13
         Ice Form          |       |       |       |     2 ||     2
         Frozen Ramparts   |       |       |       |     2 ||     2
         Yara's Violent Un |       |       |       |     1 ||     1
Ability: Breathe Dispellin |       |       |     1 |     1 ||     2
    Use: Scroll            |     3 |     6 |     6 |       ||    15
         Potion            |       |     3 |     4 |     3 ||    10
 Armour: Skin              |    26 |    13 |    41 |    28 ||   108
  Dodge: Dodged            |    58 |    22 |   134 |    75 ||   289
  Block: Other             |       |     3 |    38 |    24 ||    65
         Reflection        |       |       |     3 |     3 ||     6

Table legend: (Time is in decaauts)
 A = Elapsed time spent in this place.
 B = Non-inter-level travel time spent in this place.
 C = Inter-level travel time spent in this place.
 D = Time resting spent in this place.
 E = Time spent auto-exploring this place.
 F = Levels seen in this place.
 G = Mean time per level.
                   A        B        C        D        E       F      G
               +--------+--------+--------+--------+--------+-----+--------+
         Total |  10241 |   9721 |    520 |   1144 |   6853 |  12 |  853.4 |
       Dungeon |  10180 |   9675 |    505 |   1144 |   6819 |  11 |  925.5 |
        Temple |     60 |     45 |     15 |      0 |     34 |   1 |   60.0 |
               +--------+--------+--------+--------+--------+-----+--------+

Top non-repeatable levels by time:
     D:9: 1474 daAuts
     D:4: 1236 daAuts
     D:2: 1096 daAuts
     D:7: 1093 daAuts
     D:1: 1040 daAuts
    D:10: 924 daAuts
     D:8: 892 daAuts
     D:5: 819 daAuts
     D:6: 758 daAuts
     D:3: 745 daAuts
    D:11: 98 daAuts
  Temple: 60 daAuts
